 Dungeon Crawl Stone Soup version 0.28.0-45-g0d030f2227 (webtiles) character file.

Game seed: 16551897420743834754

74 Iusername the Covered (level 4, -4/40 HPs)
             Began as a Minotaur Fighter on Apr 7, 2022.
             Slain by a gnoll
             ... wielding a +0 spear
              (7 damage)
             ... on level 2 of the Dungeon.
             The game lasted 00:03:15 (1387 turns).

Iusername the Covered (Minotaur Fighter)            Turns: 1387, Time: 00:03:16

Health: -4/40      AC:  7    Str: 23    XL:     4   Next: 9%
Magic:  3/3        EV:  9    Int:  5    God:
Gold:   56         SH:  4    Dex:  9    Spells: 3/3 levels left

rFire   . . .      SeeInvis .   a - +0 long sword
rCold   . . .      Faith    .   c - +0 buckler
rNeg    . . .      Spirit   .   b - +0 scale mail
rPois   .          Reflect  .   (helmet restricted)
rElec   .          Harm     .   (no cloak)
rCorr   .          Rampage  .   (no gloves)
Will    +....                   (no boots)
Stlth   ..........              (no amulet)
HPRegen 0.13/turn               i - ring of willpower
MPRegen 0.08/turn               (no ring)

@: mighty
A: horns 2, retaliatory headbutt
a: no special abilities


You were on level 2 of the Dungeon.
You visited 1 branch of the dungeon, and saw 2 of its levels.

You collected 56 gold pieces.

Inventory:

Hand Weapons
 a - a +0 long sword (weapon)
Armour
 b - a +0 scale mail (worn)
 c - a +0 buckler (worn)
Jewellery
 i - a ring of willpower (left hand)
Scrolls
 h - a scroll of enchant armour {unknown}
 j - a scroll of teleportation {unknown}
 k - a scroll of magic mapping {unknown}
 n - a scroll of identify {unknown}
Potions
 e - a potion of heal wounds {unknown}
 f - a potion of ambrosia {unknown}
 g - a potion of flight {unknown}
 l - a potion of curing {unknown}
 m - a potion of mutation {unknown}


   Skills:
 + Level 4.1 Fighting
 + Level 3.4 Long Blades
 + Level 4.6 Armour
 + Level 0.1 Dodging
 + Level 4.1 Shields


You had 3 spell levels left.
You didn't know any spells.
Your spell library was empty.

Dungeon Overview and Level Annotations

Branches:
Dungeon (2/15)

Altars:

Shops:
D:2 [


Innate Abilities, Weirdness & Mutations

You have a pair of horns on your head.
You reflexively headbutt those who attack you in melee.


Message History

A gnoll comes into view. It is wielding a +1 vorpal flail.
The gnoll shouts!
You block the gnoll's attack.
You closely miss the gnoll. You hit the gnoll.
The gnoll is lightly wounded.
You block the gnoll's attack. x2
The gnoll hits you from afar with a +0 halberd!
The gnoll hits you with a +1 vorpal flail.
The gnoll hits you from afar with a +0 spear.
The gnoll misses you.
You slash the gnoll!
The gnoll is severely wounded.
The gnoll closely misses you. You block the gnoll's attack.
The gnoll closely misses you. The gnoll hits you with a +0 club.
You are too injured to fight recklessly!
You feel very mighty all of a sudden.
The gnoll hits you from afar with a +0 halberd.
The gnoll barely misses you.
The gnoll hits you with a +1 vorpal flail!
* * * LOW HITPOINT WARNING * * *
x2 You barely miss the gnoll.
The gnoll is severely wounded.
The gnoll closely misses you. The gnoll barely misses you.
You furiously retaliate!
You headbutt the gnoll!
You kill the gnoll!
The gnoll closely misses you.
The gnoll hits you with a +1 vorpal flail.
* * * LOW HITPOINT WARNING * * *
x2 You have reached level 4!
You feel stronger.
You slash the gnoll!
The gnoll is severely wounded.
The gnoll barely misses you. The gnoll misses you. You furiously retaliate!
You headbutt the gnoll. The gnoll hits you but does no damage.
You slash the gnoll!
You kill the gnoll!
The gnoll barely misses you.
The gnoll hits you from afar with a +0 spear!
You die...

#.......# #.......#
####### #.......#
###...... #..>....#
#...##### #.......#
#.### #...$gg.#
#.###### #...)...#
##......## #...)@..#
##......... ####(.###
#..........
##...####..........
#......#...............
#......######..........
#......#
###รท..........
#......# #............#
#..........##..........
#......######........(.


You could see 2 gnolls.

Vanquished Creatures
  2 gnolls (D:2)
  2 adders (D:2)
  A worm (D:2)
  5 endoplasms
  3 giant cockroaches
  4 goblins
  6 hobgoblins
  2 kobolds
  A quokka (D:1)
  4 ball pythons
  4 bats (D:1)
  A frilled lizard (D:2)
  4 rats (D:1)
39 creatures vanquished.

Notes
Turn   | Place    | Note
-------+----------+-------------------------------------------
     0 | D:1      | Iusername the Minotaur Fighter began the quest for the Orb.
     0 | D:1      | Reached XP level 1. HP: 19/19 MP: 0/0
   121 | D:1      | Reached XP level 2. HP: 27/27 MP: 1/1
   548 | D:1      | Found a faded altar of an unknown god.
   677 | D:2      | Reached XP level 3. HP: 30/33 MP: 2/2
   804 | D:2      | Found Citenyer's Armour Shoppe.
  1386 | D:2      | Reached XP level 4. HP: 3/40 MP: 3/3
  1387 | D:2      | Slain by a gnoll

Illustrated notes

Levels and vault maps discovered:
D:1:      eino_arrival_cavern_a, layout_rooms,
          shapermc_ecumenical_altar_mp_vishouse
D:2:      layout_rooms, serial_shops, nicolae_shop_advertising_works
          [nicolae_subvault_shop_adworks], grunt_ministairs_7,
          corexii_hall_statues_i, minmay_misc_feat_roman

Skill      XL: |  1  2  3 |
---------------+----------+-----
Armour         | 4 |  4.6
Long Blades    | 3 |  3.4
Shields        | 4 |  4.1
Fighting       | 4 |  4.1
Dodging        | |  0.1

Action                   |  1- 3 |  4- 6 || total
-------------------------+-------+-------++-------
Melee: Long sword        |    75 |     2 ||    77
       Headbutt          |     7 |       ||     7
  Use: Potion            |     1 |       ||     1
Armor: Scale mail        |    27 |     1 ||    28
Dodge: Dodged            |    39 |     3 ||    42
Block: Buckler           |    23 |       ||    23
